 Dungeon Crawl Stone Soup version 0.31.0-32-g396128a36d (webtiles) character file.

Game seed: 11280477952789372962

9 jagang the Slasher (level 2, 0/24 HPs)
             Began as a Human Monk on Mar 25, 2024.
             Slain by a hobgoblin (2 damage)
             ... on level 1 of the Dungeon.
             The game lasted 00:00:26 (96 turns).

jagang the Slasher (Human Monk)                       Turns: 96, Time: 00:00:26

Health: 0/24       AC:  2    Str: 11    XL:     2   Next: 16%
Magic:  2/2        EV: 13    Int: 10    God:
Gold:   14         SH:  0    Dex: 15    Spells: 1/1 levels left

rFire   . . .        a - +0 falchion
rCold   . . .        d - orb {light}
rNeg    . . .        b - +0 robe
rPois   .            (no helmet)
rElec   .            (no cloak)
rCorr   .            (no gloves)
SInv    .            (no boots)
Will    .....        (no amulet)
Stlth   +            (no ring)
HPRegen 0.24/turn    (no ring)
MPRegen 0.08/turn

%: no passive effects
@: glowing
A: explore regen
a: no special abilities


You were on level 1 of the Dungeon.
You visited 1 branch of the dungeon, and saw 1 of its levels.

You collected 14 gold pieces.

Inventory:

Hand Weapons
 a - a +0 falchion (weapon)
Armour
 b - a +0 robe (worn)
 d - an orb of light (worn)
Potions
 c - a potion of ambrosia


   Skills:
 + Level 3.2 Fighting
 * Level 3.4 Long Blades
 - Level 3.0 Dodging


You had one spell level left.
You didn't know any spells.
Your spell library was empty.

Dungeon Overview and Level Annotations

Branches:
Dungeon (1/15)

Altars:


Innate Abilities, Weirdness & Mutations

You regain HP and MP as you explore.


Message History

The gnoll hits you with a +0 club!
You hit the gnoll but do no damage.
The gnoll is lightly wounded.
The kobold hits you with a +0 dagger. The gnoll hits you but does no damage.
The gnoll misses you. The kobold barely misses you.
You hit the gnoll.
The gnoll is moderately wounded.
The gnoll hits you with a +0 club.
* * * LOW HITPOINT WARNING * * *
The kobold hits you with a +0 dagger.
* * * LOW HITPOINT WARNING * * *
You are too injured to fight recklessly!
You are too injured to fight recklessly!
You are too injured to fight recklessly!
You are too injured to fight recklessly!
You are too injured to fight recklessly!
You are too injured to fight recklessly!
You are too injured to fight recklessly!
You are too injured to fight recklessly!
Unknown command.
The kobold throws a stone.
The stone misses you.
You completely miss the hobgoblin. The hobgoblin hits you.
* * * LOW HITPOINT WARNING * * *
You hit the hobgoblin but do no damage. The hobgoblin barely misses you.
The kobold throws a stone.
The stone hits you but does no damage.
You slash the hobgoblin!
You kill the hobgoblin!
The kobold throws a stone.
The stone hits you.
* * * LOW HITPOINT WARNING * * *
You hit the hobgoblin.
The hobgoblin is moderately wounded.
The hobgoblin closely misses you.
You hit the hobgoblin.
The hobgoblin is severely wounded.
The hobgoblin barely misses you. The kobold misses you.
You barely miss the hobgoblin.
The hobgoblin is severely wounded.
The hobgoblin barely misses you. The kobold barely misses you.
The hobgoblin hits you.
You die...

#.......# ##..#.####
###.##....###......
##.............#....
........##...##.....
.........###(..)...>
.......:.# .......
.........####.......
.........†.@#)......
...........Kg......#
....................
....................
...................
#.##...............
#. #...............
#...............
.................


You could see a hobgoblin and a kobold.

Vanquished Creatures
  A goblin (D:1)
  2 hobgoblins (D:1)
  2 jackals (D:1)
  2 bats (D:1)
  A kobold (D:1)
  A rat (D:1)
9 creatures vanquished.

Notes
Turn   | Place    | Note
-------+----------+-------------------------------------------
     0 | D:1      | jagang the Human Monk began the quest for the Orb.
     0 | D:1      | Reached XP level 1. HP: 18/18 MP: 1/1
     6 | D:1      | Noticed a black bear
     6 | D:1      | Noticed a black mamba
     6 | D:1      | Noticed a seven-headed hydra
     7 | D:1      | Noticed a killer bee
     7 | D:1      | Noticed a lindwurm
    79 | D:1      | Reached XP level 2. HP: 19/24 MP: 2/2
    93 | D:1      | HP: 1/24 [kobold/stone (1)]
    96 | D:1      | Slain by a hobgoblin

Illustrated notes

Levels and vault maps discovered:
D:1:      onia_arrival_zoo_common, layout_rooms, minmay_hedge_maze

Action                     || total
---------------------------++-------
  Melee: Falchion          ||    34
 Armour: Robe              ||    25
  Dodge: Dodged            ||    26
